AoeStats
← Paco Jidonez

Arabia

509813019Analyzed
1v1 RM · 4d ago on Sep 28, 2026· 46m 24s· 2 players
Game mode
Random Map
Map size
Tiny (2 player)
Population
200
Speed
Normal
Resources
Standard
Victory
Conquest
Starting age
Dark Age
Ending age
Imperial Age
RankedLock teamsTeams togetherTeam positionsShared explorationLock speedFull tech treeHidden civsTurbo modeCheats
Victory
Defeat
🇦🇷 Varangians · Argentina
789
+15
🇲🇽 Bulgarians · Mexico
770
-15
Paco Jidonez
10:50 Feudal Age
14:14 Forging
15:57 Arson
18:48 Double-Bit Axe
18:48 Horse Collar
18:56 Double-Bit Axe
19:40 Bloodlines
24:48 Castle Age
23:17 Scale Barding Armor
23:13 Scale Mail Armor
24:41 Town Watch
26:09 Light Cavalry
34:40 Fletching
34:51 Padded Archer Armor
35:59 Elite Skirmisher
38:38 Stone Mining
39:46 Thumb Ring
39:42 Bodkin Arrow
40:03 Leather Archer Armor
40:42 Iron Casting
43:21 Murder Holes
lisandroarce22
10:42 Feudal Age
10:28 Loom
11:28 Double-Bit Axe
21:15 Castle Age
20:05 Fletching
21:49 Crossbowman
22:28 Bodkin Arrow
22:37 Squires
26:34 Pikeman
28:11 Wheelbarrow
27:56 Horse Collar
31:06 Hand Cart
32:42 Padded Archer Armor
32:53 Forging
33:57 Fervor
34:01 Bow Saw
33:53 Heavy Plow
34:17 Town Watch
36:20 Husbandry
36:30 Bloodlines
35:41 Light Cavalry
37:08 Gold Mining
37:09 Stone Mining
40:42 Imperial Age
38:17 Town Patrol
42:46 Capped Ram
43:33 Halberdier
45:08 Cavalier
45:46 Vendel Legacy
46:32 Scale Mail Armor
Connection lost

Rejoining the realm…

Still unreachable

The connection could not be restored.

Session expired

The server has moved on; the page needs a fresh start.